 Dungeon Crawl Stone Soup version 0.31-a0-435-g2c6fae2916 (webtiles) character file.

Game seed: 3118100721433779386

31184 pokeman the Eclecticist (level 13, -10/72 HPs)
             Began as a Deep Elf Hedge Wizard on Aug 1, 2023.
             Was a High Priest of Vehumet.
             Mangled by a reaper
             ... wielding a +1 scythe of freezing
              (28 damage)
             ... in an ice cave on Aug 2, 2023.
             The game lasted 00:43:39 (18336 turns).

pokeman the Eclecticist (Deep Elf Hedge Wizard)    Turns: 18336, Time: 00:43:40

Health: -10/72     AC: 13    Str:  7    XL:     13   Next: 24%
Magic:  2/37       EV: 11    Int: 25    God:    Vehumet [*****.]
Gold:   907        SH:  0    Dex: 14    Spells: 32/49 levels left

rFire   x . .        P - +3 dagger (venom)
rCold   + . .        (no shield)
rNeg    . . .        h - +0 acid dragon scales
rPois   +            L - +0 hat {Will+}
rElec   .            j - +0 cloak
rCorr   +            u - +1 pair of gloves
SInv    .            r - +1 pair of boots
Will    ++...        X - amulet of regeneration
Stlth   ++           M - ring of poison resistance
HPRegen 1.12/turn    T - ring of ice
MPRegen 0.25/turn

%: no passive effects
@: no status effects
A: no striking features
a: Renounce Religion


You were in an ice cave.
You worshipped Vehumet.
Vehumet was extremely pleased with you.
You visited 3 branches of the dungeon, and saw 17 of its levels.
You also visited: Ice Cave.

You collected 991 gold pieces.
You spent 84 gold pieces at shops.

Inventory:

Hand Weapons
 P - a +3 dagger of venom (weapon)
Missiles
 A - 4 throwing nets
 K - a curare-tipped dart
Armour
 a - a +1 scale mail of cold resistance
 h - +0 acid dragon scales (worn)
 j - a +0 cloak (worn)
 r - a +1 pair of boots (worn)
 u - a +1 pair of gloves (worn)
 L - a +0 hat of willpower (worn)
Magical Staves
 N - a staff of conjuration
Jewellery
 y - a +4 ring of protection
 M - a ring of poison resistance (left hand)
 T - a ring of ice (right hand)
 X - an amulet of regeneration (around neck)
Wands
 B - a wand of mindburst (5)
 D - a wand of paralysis (3)
 O - a wand of iceblast (14)
Scrolls
 k - 5 scrolls of teleportation
 t - 3 scrolls of blinking
 x - 3 scrolls of revelation
 H - 3 scrolls of enchant armour
 U - a scroll of fog {unknown}
Potions
 c - 3 potions of heal wounds
 d - 2 potions of magic
 o - 5 potions of curing
 p - a potion of haste {unknown}
 w - 2 potions of brilliance {unknown}
 G - a potion of invisibility {unknown}
 I - a potion of cancellation {unknown}
 J - 3 potions of attraction {unknown}
Miscellaneous
 S - a phial of floods
 W - a lightning rod (4/4)


   Skills:
 + Level 5.3 Fighting
 - Level 6.4 Armour
 - Level 3.0 Dodging
 - Level 3.1 Stealth
 * Level 18.7 Spellcasting
 + Level 11.3 Conjurations
 - Level 1.1 Summonings
 - Level 1.1 Translocations
 + Level 6.3 Fire Magic
 - Level 1.0 Air Magic
 - Level 9.0 Earth Magic
 - Level 1.0 Poison Magic
 - Level 1.1 Evocations


You had 32 spell levels left.
You knew the following spells:

 Your Spells              Type           Power      Damage    Failure   Level
a - Magic Dart            Conj           100%       1d8       1%          1
b - Mephitic Cloud        Conj/Pois/Air  45%        N/A       1%          3
c - Call Imp              Summ           56%        N/A       3%          2
d - Blink                 Tloc           56%        N/A       3%          2
e - Stone Arrow           Conj/Erth      100%       3d13      1%          3
f - Starburst             Conj/Fire      30%        6d9       4%          6

Your spell library contained the following spells:

 Spells                   Type           Power      Damage    Failure   Level
 Olgreb's Toxic Radiance  Pois           28%        N/A       6%          4
 Dazzling Flash           Conj/Hex       100%       N/A       1%          3
 Ignite Poison            Fire/Tmut/Pois 35%        N/A       1%          3
 Volatile Blastmotes      Fire/Tloc      82%        2d16      1%          3
 Flame Wave               Conj/Fire      61%        2d14      1%          4
 Sticky Flame             Conj/Fire      61%        2d8       1%          4
 Slow                     Hex            92%        N/A       3%          1
 Cigotuvi's Dreadful Rot  Necr/Pois/Air  52%        N/A       4%          2
 Animate Armour           Summ/Erth      96%        N/A       4%          4
 Leda's Liquefaction      Hex/Erth       23%        N/A       5%          4
 Call Canine Familiar     Summ           28%        N/A       7%          3
 Portal Projectile        Hex/Tloc       52%        N/A       9%          3
 Confusing Touch          Hex            23%        N/A       11%         3
 Vampiric Draining        Necr           23%        2d7       11%         3
 Conjure Ball Lightning   Conj/Air       26%        3x3d7     12%         6
 Passage of Golubria      Tloc           28%        N/A       22%         4
 Summon Lightning Spire   Summ/Air       28%        N/A       22%         4
 Anguish                  Hex/Necr       11%        N/A       34%         4
 Silence                  Hex/Air        12%        N/A       61%         5
 Lehudib's Crystal Spear  Conj/Erth      32%        10d8      63%         8
 Ignition                 Fire           26%        3d9       98%         8
 Malign Gateway           Summ/Tloc      14%        N/A       100%        7
 Maxwell's Capacitive Co  Air            14%        ∞         100%        8
 Summon Horrible Things   Summ           14%        N/A       100%        8


Dungeon Overview and Level Annotations

Branches:
Dungeon (14/15)            Temple (1/1) D:7            Lair (2/5) D:10
 Shoals (0/4) Lair:2        Snake (0/4) Lair:2          Orc (0/2) D:11
  IceCv (1/1)
 Vaults: D:13-14

Altars:
Ashenzari
Cheibriados
Dithmenos
Elyvilon
Fedhas
Gozag
Hepliaklqana
Kikubaaqudgha
Makhleb
Nemelex Xobeh
Okawaru
Qazlal
Ru
Sif Muna
Trog
Uskayaw
Vehumet
Wu Jian
Xom
Yredelemnul
Zin
The Shining One

Shops:
D:5 !

Annotations:
D:2 Gold behind glass
D:11 3 runed translucent doors, Xavori's ghost, journeyman DjCK
D:14 Azrael


Message History

Aiming: Stone Arrow (safe; 1% risk of failure)
Press: ? - help, Shift-Dir - straight line, f/p - reaper
Aim: a reaper, wielding a +1 scythe of freezing (moderately wounded, 78% to hit)
The stone arrow hits the reaper!!
The reaper is heavily wounded.
The reaper closely misses you.
Casting: Stone Arrow (safe; 1% risk of failure)
Confirm with . or Enter, or press ? or * to list all spells.
Aiming: Stone Arrow (safe; 1% risk of failure)
Press: ? - help, Shift-Dir - straight line, f/p - reaper
Aim: a reaper, wielding a +1 scythe of freezing (heavily wounded, 78% to hit)
The stone arrow hits the reaper!
The reaper is severely wounded.
The reaper hits you from afar with a +1 scythe of freezing!
The reaper freezes you.
Casting: Stone Arrow (safe; 1% risk of failure)
Confirm with . or Enter, or press ? or * to list all spells.
Casting: Starburst (dangerous; 4% risk of failure)
Press: ? - help, Dir - look around, f - activate The bolt of fire hits the death yak simulacrum!!!
The death yak simulacrum melts!
The death yak simulacrum is almost destroyed.
The bolt of fire hits the reaper!
The reaper is almost dead.
The reaper hits you from afar with a +1 scythe of freezing!!
* * * LOW HITPOINT WARNING * * *
The reaper freezes you.
* * * LOW HITPOINT WARNING * * *
Casting: Starburst (dangerous; 4% risk of failure)
Confirm with . or Enter, or press ? or * to list all spells.
Casting: Starburst (dangerous; 4% risk of failure)
Press: ? - help, Dir - look around, f - activate The bolt of fire hits the death yak simulacrum!!!
The death yak simulacrum melts!
The death yak simulacrum vaporises!
Vehumet accepts your kill.
You hear a sizzling sound!
The reaper shouts, "I have come for you, pokeman!"
The reaper hits you from afar with a +1 scythe of freezing!!
You die...

Z.##
.Z# #.#
##.#
#.##
#.##
#.2#
##.#
##@#
###.##
##.#.#
#....#
##.#.##
#.###.#
#.##..#
#..#.##
#.#..#


You could see a reaper.

Vanquished Creatures
  Gastronok (D:9)
  Josephine (D:10)
  3 two-headed ogres
  Urug (D:10)
  A centaur warrior (D:13)
  An ugly thing (D:13)
  4 cyclopes
  An oklob plant (D:10)
  A manticore (Lair:2)
  A black mamba (Lair:1)
  Joseph (D:10)
  An ice statue (IceCv)
  A torpor snail (Lair:1)
  2 rime drakes (Lair:2)
  7 cane toads
  An anaconda simulacrum (IceCv)
  3 komodo dragons
  3 kobold demonologists
  A yaktaur (D:13)
  A hornet (D:11)
  2 trolls
  A wind drake (Lair:2)
  3 blink frogs (Lair:1)
  2 shadows
  3 wyverns
  2 water elementals (D:13)
  Eustachio (D:4)
  A fire elemental (D:14)
  2 basilisks
  46 yaks
  5 wraiths
  2 vampire mosquitoes (D:13)
  Grum (D:10)
  2 death yak simulacra (IceCv)
  A harpy simulacrum (IceCv)
  Menkaure (D:6)
  2 acid dragons
  A hell hound (D:14)
  A hydra simulacrum (IceCv)
  5 water moccasins
  6 orc warriors
  An ice beast (D:7)
  4 black bears
  2 ogres (D:6)
  9 wolves
  4 centaurs
  2 phantoms (D:6)
  6 bullfrogs
  6 kobold brigands
  3 scorpions
  2 gnoll sergeants
  2 two-headed ogre simulacra (IceCv)
  8 wights
  6 killer bees
  4 howler monkeys
  A crimson imp (D:6)
  2 jellies
  3 hounds
  Crazy Yiuf (D:6)
  5 orc priests
  3 gnoll boudas
  2 sleepcaps
  An iguana (D:7)
  9 orc wizards
  6 spriggan simulacra (IceCv)
  3 troll simulacra (IceCv)
  Terence (D:3)
  2 polar bear simulacra (IceCv)
  A wolf simulacrum (IceCv)
  21 gnolls
  8 adders
  5 naga simulacra (IceCv)
  6 white imps
  An ufetubus (IceCv)
  A worm (D:2)
  5 dart slugs
  43 orcs
  9 endoplasms
  4 giant cockroaches
  7 goblins
  8 hobgoblins
  7 jackals
  6 quokkas
  7 ball pythons
  3 bats
  9 frilled lizards
  20 kobolds
  5 rats
  A spectral kobold (D:5)
  A spectral orc (D:3)
402 creatures vanquished.

Vanquished Creatures (collateral kills)
  A killer bee (D:7)
  A gnoll (D:5)
  An orc (D:5)
3 creatures vanquished.

Vanquished Creatures (others)
  An orc wizard (D:7)
1 creature vanquished.

Grand Total: 406 creatures vanquished

Notes
Turn   | Place    | Note
-------+----------+-------------------------------------------
     0 | D:1      | pokeman the Deep Elf Hedge Wizard began the quest for the
                  | Orb.
     0 | D:1      | Reached XP level 1. HP: 10/10 MP: 7/7
   255 | D:1      | Reached XP level 2. HP: 13/16 MP: 5/9
   850 | D:1      | Reached skill level 5 in Spellcasting
  1297 | D:1      | Found a faded altar of an unknown god.
  1404 | D:2      | Reached XP level 3. HP: 20/20 MP: 4/11
  1408 | D:2      | Learned a level 3 spell: Mephitic Cloud
  1411 | D:2      | Learned a level 2 spell: Call Imp
  1414 | D:2      | Learned a level 2 spell: Blink
  1418 | D:2      | Learned a level 3 spell: Stone Arrow
  1746 | D:2      | Reached skill level 1 in Armour
  1768 | D:2      | Got the Quarto of the Peccant Squall
  1847 | D:2      | Reached skill level 1 in Fighting
  2281 | D:3      | Found a basalt altar of Yredelemnul.
  2366 | D:3      | Reached XP level 4. HP: 25/25 MP: 11/13
  2496 | D:3      | Found a broken altar of Ashenzari.
  2578 | D:3      | Noticed Terence
  2612 | D:3      | Killed Terence
  2778 | D:3      | Reached XP level 5. HP: 29/29 MP: 10/15
  2939 | D:4      | Reached skill level 6 in Spellcasting
  2990 | D:4      | Reached skill level 1 in Poison Magic
  3161 | D:4      | Found a glowing golden altar of the Shining One.
  3195 | D:4      | Reached skill level 1 in Air Magic
  3195 | D:4      | Reached skill level 1 in Earth Magic
  3238 | D:4      | Reached XP level 6. HP: 34/34 MP: 7/17
  3600 | D:4      | Noticed Eustachio
  3690 | D:4      | Killed Eustachio
  3691 | D:4      | Reached skill level 7 in Spellcasting
  4033 | D:4      | Found a sacrificial altar of Ru.
  4306 | D:5      | Entered Level 5 of the Dungeon
  4311 | D:5      | Reached XP level 7. HP: 39/39 MP: 19/19
  4389 | D:5      | Identified the +1 ring mail "Bileogreen" {rC- Str+3 Int+4
                  | Dex+3}
  4651 | D:5      | Found Qeboluf's Distillery.
  4660 | D:5      | Bought a potion of degeneration for 12 gold pieces
  4660 | D:5      | Bought a potion of curing for 36 gold pieces
  4660 | D:5      | Bought a potion of curing for 36 gold pieces
  4704 | D:5      | Found a bloodstained altar of Trog.
  4725 | D:5      | Reached skill level 8 in Spellcasting
  4902 | D:5      | Found a hide-covered altar of Uskayaw.
  4958 | D:5      | Found a hazy altar of Hepliaklqana.
  5186 | D:6      | Found a radiant altar of Vehumet.
  5191 | D:6      | Became a worshipper of Vehumet
  5223 | D:6      | Reached XP level 8. HP: 44/44 MP: 16/22
  5391 | D:6      | Reached skill level 9 in Spellcasting
  5479 | D:6      | Noticed Menkaure
  5490 | D:6      | Killed Menkaure
  5686 | D:6      | Reached skill level 5 in Conjurations
  6172 | D:6      | Reached skill level 10 in Spellcasting
  6250 | D:6      | Found a burning altar of Makhleb.
  6380 | D:6      | Found a runed translucent door.
  6381 | D:6      | Noticed Crazy Yiuf
  6651 | D:6      | Killed Crazy Yiuf
  6946 | D:7      | Reached XP level 9. HP: 41/49 MP: 0/25
  6956 | D:7      | Reached * piety under Vehumet
  6956 | D:7      | Offered knowledge of Freeze by Vehumet.
  6969 | D:7      | Found a staircase to the Ecumenical Temple.
  7114 | D:7      | Reached skill level 5 in Earth Magic
  7156 | D:7      | Reached skill level 11 in Spellcasting
  8018 | D:8      | Found a snail-covered altar of Cheibriados.
  8273 | D:8      | Reached skill level 12 in Spellcasting
  8356 | D:8      | Found a shimmering altar of Xom.
  8579 | D:8      | Reached skill level 1 in Evocations
  8717 | D:8      | Offered knowledge of Kiss of Death by Vehumet.
  8719 | D:8      | Reached ** piety under Vehumet
  9101 | D:9      | Noticed a two-headed ogre
  9105 | D:9      | Killed a two-headed ogre
  9106 | D:9      | Reached XP level 10. HP: 40/56 MP: 15/28
  9164 | D:9      | Found an ancient bone altar of Kikubaaqudgha.
  9285 | D:9      | Noticed Gastronok
  9660 | D:9      | Found a blossoming altar of Fedhas.
 10062 | D:9      | Killed Gastronok
 10063 | D:9      | Reached skill level 13 in Spellcasting
 10310 | D:10     | Entered Level 10 of the Dungeon
 10372 | D:10     | Noticed Grum
 10386 | D:10     | Killed Grum
 10427 | D:10     | Noticed Josephine
 10630 | D:10     | Found a staircase to the Lair.
 10632 | D:10     | Noticed an oklob plant
 10735 | D:10     | Offered knowledge of Searing Ray by Vehumet.
 10736 | D:10     | Reached skill level 14 in Spellcasting
 10743 | D:10     | Killed Josephine
 11045 | D:10     | Reached XP level 11. HP: 48/61 MP: 27/31
 11104 | D:10     | Noticed Urug
 11111 | D:10     | Killed Urug
 11114 | D:10     | Reached *** piety under Vehumet
 11291 | D:10     | Noticed Joseph
 11305 | D:10     | Killed Joseph
 11558 | D:10     | Reached skill level 15 in Spellcasting
 11751 | D:10     | Found a sparkling altar of Nemelex Xobeh.
 12079 | D:10     | Killed an oklob plant
 12160 | D:11     | Reached skill level 5 in Armour
 12473 | D:11     | Offered knowledge of Inner Flame by Vehumet.
 12806 | D:11     | Found a runed translucent gate.
 12807 | D:11     | Found a runed translucent gate.
 12807 | D:11     | Found a runed translucent gate.
 12810 | D:11     | Noticed Xavori's ghost (journeyman DjCK)
 13232 | D:11     | Reached **** piety under Vehumet
 13344 | D:11     | Found a staircase to the Orcish Mines.
 13363 | D:11     | Learned a level 6 spell: Starburst
 13438 | D:11     | Offered knowledge of Yara's Violent Unravelling by Vehumet.
 13699 | D:12     | Reached skill level 1 in Fire Magic
 13758 | D:12     | Noticed a two-headed ogre
 13763 | D:12     | Killed a two-headed ogre
 13764 | D:12     | Reached skill level 16 in Spellcasting
 14176 | D:12     | Noticed a two-headed ogre
 14185 | D:12     | Killed a two-headed ogre
 14186 | D:12     | Reached XP level 12. HP: 66/66 MP: 12/34
 14858 | D:13     | Noticed a centaur warrior
 14864 | D:13     | Killed a centaur warrior
 15041 | D:13     | Reached skill level 10 in Conjurations
 15107 | D:13     | Identified the +2 scale mail "Qeczatzunue" {Int+3}
 15572 | D:13     | Reached skill level 17 in Spellcasting
 15796 | D:14     | Noticed a vault guard
 15805 | D:14     | Noticed Azrael
 15810 | D:14     | Noticed a boulder beetle
 16013 | Temple   | Entered the Ecumenical Temple
 16101 | Lair:1   | Entered Level 1 of the Lair of Beasts
 16545 | Lair:1   | Reached skill level 5 in Fire Magic
 16778 | Lair:1   | Reached skill level 18 in Spellcasting
 16940 | Lair:1   | Got the Papyrus of Energetic Dark Mysteries
 17396 | Lair:2   | Reached ***** piety under Vehumet
 17397 | Lair:2   | Reached XP level 13. HP: 55/72 MP: 27/37
 17399 | Lair:2   | Reached skill level 5 in Fighting
 17405 | Lair:2   | Offered knowledge of Olgreb's Toxic Radiance by Vehumet.
 17421 | Lair:2   | Found a radiant altar of Vehumet.
 17422 | Lair:2   | Found a staircase to the Shoals.
 17502 | Lair:2   | Found a frozen archway.
 17508 | IceCv    | Entered an ice cave
 18314 | IceCv    | Noticed a reaper
 18336 | IceCv    | Mangled by a reaper

Illustrated notes

Levels and vault maps discovered:
D:1:      dpeg_arrival_court, layout_loops_cross,
          shapermc_ecumenical_altar_acropolis
D:2:      layout_rooms, item_on_display_a
D:3:      layout_basic, yredelemnul_forgotten_temple_becter,
          nicolae_ashenzari_skybound, uniq_terence
D:4:      layout_loops_corners, nicolae_ru_the_path_less_chosen,
          lemuel_round_altar, uniq_eustachio
D:5:      layout_rooms, nicolae_hepliaklqana_monster_ancestors,
          trog_ov_bears_minmay, mainiacjoe_overflow_six_doors_small,
          serial_shops, shop, minmay_liquid_box
D:6:      layout_gridville, lemuel_doored_altar, makhleb_grotto_becter,
          uniq_menkaure, uniq_crazy_yiuf_cottage
D:7:      layout_loops_cross, minmay_temple_entry_crystal_x,
          minmay_misc_feat_five
D:8:      layout_gridville, kennysheep_slug_shrine,
          mainiacjoe_overflow_concentric_impassable
D:9:      layout_loops_corners, kiku_gazebo_pond_becter,
          mainiacjoe_overflow_brackets, nicolae_nh_ransacked_shop,
          uniq_gastronok
D:10:     layout_long_grid, lemuel_coloured_pillars_altar, dpeg_oklobed_lair,
          uniq_josephine, uniq_joseph, uniq_urug, uniq_grum
D:11:     layout_loops_ring, hiddenorc1_lemuel, ebering_ghost_rock_garden,
          roderic_lattice_a
D:12:     layout_roguey
D:13:     layout_loops_ring, serial_bayou, serial_bayou_pond_d,
          serial_bayou_shore_b, serial_bayou_pond_c, serial_bayou_crossing
D:14:     layout_basic, grunt_vaults_entry_fortified, gammafunk_ghost_cemetery,
          minmay_fractal_squares_diagonal_5, uniq_snorg, uniq_roxanne,
          uniq_azrael, uniq_kirke
Temple:   hellmonk_temple_forest_ring
Lair:1:   layout_big_grid, grunt_megastairs_4
Lair:2:   layout_gridlike, minmay_shoals_entry_beasts,
          alex1729_snake_entry_snake, basic_altar, portal_ice_cave_rime,
          uniq_prince_ribbit2
IceCv:    ice_cave_caverns_03

Skill      XL: |  1  2  3  4  5  6  7  8  9 10 11 12 13 |
---------------+----------------------------------------+-----
Spellcasting   | 5 6 7 8 10 12 14 16 18 | 18.7
Armour         | 1 2 3 4 5 6 |  6.4
Conjurations   | 2 3 4 5 7 8 9 11 | 11.3
Fighting       | 1 2 4 5 |  5.3
Dodging        | 3 |  3.0
Stealth        | 3 |  3.1
Poison Magic   | 1 |  1.0
Air Magic      | 1 |  1.0
Earth Magic    | 1 2 3 4 6 7 9 |  9.0
Evocations     | 1 |  1.1
Fire Magic     | 2 5 6 |  6.3
Summonings     | |  1.1
Translocations | |  1.1

Action                     |  1- 3 |  4- 6 |  7- 9 | 10-12 | 13-15 || total
---------------------------+-------+-------+-------+-------+-------++-------
  Melee: Dagger            |     9 |    38 |    12 |    83 |     9 ||   151
         Punch             |       |     2 |     1 |     3 |       ||     6
         Morningstar       |       |       |    49 |       |       ||    49
         Quarterstaff      |       |       |    32 |    17 |       ||    49
   Cast: Magic Dart        |   130 |    78 |   155 |    53 |     4 ||   420
         Mephitic Cloud    |       |     8 |    25 |    31 |     1 ||    65
         Stone Arrow       |       |     3 |    67 |   267 |     8 ||   345
         Blink             |       |       |     4 |     5 |       ||     9
         Call Imp          |       |       |     6 |     3 |       ||     9
         Starburst         |       |       |       |    11 |    42 ||    53
  Evoke: Wand              |       |       |       |     5 |     3 ||     8
    Use: Scroll            |       |       |       |    16 |     2 ||    18
   Stab: Confused          |       |     8 |    15 |     4 |       ||    27
         Sleeping          |       |     1 |       |       |       ||     1
         Distracted        |       |       |     1 |       |       ||     1
 Armour: Robe              |     8 |     1 |    62 |    32 |       ||   103
         Acid dragon scale |       |       |       |    19 |    31 ||    50
  Dodge: Dodged            |    25 |    22 |   103 |   114 |    43 ||   307

Table legend: (Time is in decaauts)
 A = Elapsed time spent in this place.
 B = Non-inter-level travel time spent in this place.
 C = Inter-level travel time spent in this place.
 D = Time resting spent in this place.
 E = Time spent auto-exploring this place.
 F = Levels seen in this place.
 G = Mean time per level.
                   A        B        C        D        E       F      G
               +--------+--------+--------+--------+--------+-----+--------+
         Total |  18446 |  17807 |    639 |    925 |  14135 |  18 | 1024.8 |
       Dungeon |  16257 |  15671 |    586 |    905 |  12460 |  14 | 1161.2 |
        Temple |     35 |     33 |      2 |      0 |      0 |   1 |   35.0 |
          Lair |   1321 |   1272 |     49 |     20 |    998 |   2 |  660.5 |
      Ice Cave |    832 |    832 |      0 |      0 |    676 |   1 |  832.0 |
               +--------+--------+--------+--------+--------+-----+--------+

Top non-repeatable levels by time:
    D:10: 1901 daAuts
     D:6: 1698 daAuts
    D:11: 1503 daAuts
     D:9: 1447 daAuts
     D:4: 1372 daAuts
     D:1: 1367 daAuts
    D:13: 1175 daAuts
     D:7: 1173 daAuts
  Lair:1: 1170 daAuts
     D:8: 1045 daAuts
    D:12: 1009 daAuts
     D:3: 996 daAuts
     D:5: 881 daAuts
   IceCv: 832 daAuts
     D:2: 568 daAuts
